 Dungeon Crawl Stone Soup version bcrawl-1.27.5 (webtiles) character file.

Game seed: 9572304410652564098

144182 Banto the Poker (level 5, -2/40 HPs)
             Began as a Demigod Wanderer on Aug 20, 2020.
             Slain by an ogre
             ... wielding a +0 giant club
              (27 damage)
             ... on level 4 of the Dungeon.
             The game lasted 00:03:37 (2774 turns).

Banto the Poker (Demigod Wanderer)                  Turns: 2774, Time: 00:03:38

Health: -2/40      AC:  6    Str: 18    XL:     5   Next: 36%
Magic:  10/10      EV: 10    Int: 17    God:    Demigod [**....]
Gold:   238        SH:  0    Dex: 15    Spells: 6/7 levels left

rFire    . . .     SeeInvis .   a - +3 spear
rCold    . . .     Gourm    .   (no shield)
rNeg     . . .     Faith    .   h - +1 ring mail
rPois    .         Spirit   .   (no helmet)
rElec    .         Reflect  .   (no cloak)
rCorr    .         Harm     .   (no gloves)
MR       .....                  (no boots)
Stlth    ++........             (no amulet)
HPRegen  0.13/turn              (no ring)
MPRegen  0.12/turn              (no ring)

@: no status effects
A: high mp 1
a: Temporal Distortion, Growth


You were on level 4 of the Dungeon.
You worshipped Demigod.
Demigod was pleased with you.
You were not hungry.

You visited 1 branch of the dungeon, and saw 4 of its levels.

You collected 238 gold pieces.

Inventory:

Hand Weapons
 a - a +3 spear (weapon)
 f - a +0 dagger
Armour
 h - a +1 ring mail (worn)
Jewellery
 p - the ring "Kehoggi" {Ice Int+2}
   (You found it on level 3 of the Dungeon)

   [ring of ice]

   It enhances your ice magic.
   It affects your intelligence (+2).
   It makes you vulnerable to fire.
   It protects you from cold.
Scrolls
 b - 4 scrolls of remove curse
 i - 2 scrolls of teleportation
 k - a scroll of fear
 l - 2 scrolls of identify
Potions
 c - a potion of cancellation
 g - 4 potions of curing
 j - a potion of invisibility
Comestibles
 d - 2 chunks of flesh
 e - 5 rations {!d}


   Skills:
 - Level 1.0 Fighting
 + Level 3.4 Polearms
 - Level 3.0 Stealth
 - Level 1.7 Spellcasting
 + Level 3.2 Necromancy
   Level 1.7 Translocations
   Level 1.0 Ice Magic


You had 6 spell levels left.
You knew the following spells:

 Your Spells              Type           Power        Failure   Level  Hunger
a - Animate Skeleton      Necr           N/A          10%         1    None

Your spell library contained the following spells:

 Spells                   Type           Power        Failure   Level  Hunger
 Pain                     Necr           ##....       10%         1    None
 Apportation              Tloc           #.....       17%         1    None
 Blink Other              Tloc           #.....       17%         1    None
 Blink                    Tloc           N/A          26%         2    ###....
 Vampiric Draining        Necr           ##........   28%         3    ####...
 Portal Projectile        Tloc           #.....       45%         3    ####...
 Teleport Other           Tloc           #.......     45%         3    ####...
 Regeneration             Chrm/Necr      #.........   50%         3    ####...
 Animate Dead             Necr           N/A          67%         4    ######.
 Bolt of Draining         Conj/Necr      #.........   99%         5    #######
 Passage of Golubria      Tloc           N/A          99%         5    #######


Dungeon Overview and Level Annotations

Branches:
Dungeon (4/12)
 Temple: D:4-7

Annotations:
D:2 1 runed door


Innate Abilities, Weirdness & Mutations

You have an increased reservoir of magic. (+10% MP)


Message History

There is a stone staircase leading down here.
You climb downwards.
An ogre comes into view. It is wielding a +0 giant club.
You have encountered a dangerous foe!
Found 159 stones.
Found a stone staircase leading down.
There is a stone staircase leading up here.
Okay, then.
An ogre is nearby!
The ogre shouts!
You hear a shout! x2
You barely miss the ogre.
An orc comes into view.
You hit the ogre.
The ogre is lightly wounded.
The ogre hits you with a +0 giant club!
You puncture the ogre!
The ogre is heavily wounded.
The ogre hits you with a +0 giant club!!
Ouch! That really hurt!
You die...
Your divinity fades.

### #.. #.#
#.# #.######
#######<.....#
....(........#
##......@....#
#.......O...#
#...........#
............>#
##...........#
#.#+##o.......
#. ..####.###
.. ..


You could see an ogre and an orc.

Vanquished Creatures
  A crimson imp (D:3)
  4 adders
  An ooze (D:3)
  4 worms
  4 dart slugs
  9 leopard geckos
  2 orcs
  4 bats
  2 giant cockroaches
  3 goblins
  15 hobgoblins
  9 jackals
  4 ball pythons (D:3)
  6 frilled lizards
  6 kobolds
  3 rats
77 creatures vanquished.

Vanquished Creatures (collateral kills)
  A jackal (D:1)
  A quokka (D:2)
2 creatures vanquished.

Grand Total: 79 creatures vanquished

Notes
Turn   | Place    | Note
-------+----------+-------------------------------------------
     0 | D:1      | Banto the Demigod Wanderer began the quest for the Orb.
     0 | D:1      | Banto set off with the following items: a +2 spear, a +0
                  | robe, a ration {!d}, a +0 dagger; and the following spells
                  | available to memorise: Apportation, Blink Other, Blink,
                  | Animate Skeleton, Pain, Portal Projectile, Teleport Other,
                  | Regeneration, Vampiric Draining, Animate Dead, Passage of
                  | Golubria, Bolt of Draining
     0 | D:1      | Reached XP level 1. HP: 16/16 MP: 5/5
     2 | D:1      | Learned a level 1 spell: Animate Skeleton
    68 | D:1      | Reached skill level 1 in Necromancy
    68 | D:1      | Reached XP level 2. HP: 21/23 MP: 7/7
   268 | D:1      | Reached XP level 3. HP: 28/28 MP: 8/8
   802 | D:2      | Reached * piety under Demigod
   978 | D:2      | Found an opulent altar of Gozag.
  1266 | D:2      | Reached XP level 4. HP: 35/35 MP: 9/9
  1714 | D:2      | Found a runed door.
  2098 | D:3      | Got a pitted copper ring
  2135 | D:3      | Identified the ring "Kehoggi" {Ice Int+2} (You found it on
                  | level 3 of the Dungeon)
  2147 | D:3      | Reached ** piety under Demigod
  2212 | D:3      | Reached XP level 5. HP: 38/40 MP: 10/10
  2769 | D:4      | Noticed an ogre
  2774 | D:4      | Slain by an ogre

Skill      XL: |  1  2  3  4 |
---------------+-------------+-----
Necromancy     | 1 2 3 |  3.2
Polearms       | 2 3 |  3.4
Fighting       | |  1.0
Stealth        | |  3.0
Spellcasting   | |  1.7
Translocations | |  1.7
Ice Magic      | |  1.0

Action                   |  1- 3 |  4- 6 || total
-------------------------+-------+-------++-------
Melee: Spear             |   126 |   122 ||   248
 Cast: Animate Skeleton  |     8 |     5 ||    13
  Use: Scroll            |     3 |     6 ||     9
 Stab: Sleeping          |     4 |     5 ||     9
  Eat: Chunk             |     4 |     8 ||    12
Armor: Robe              |     5 |       ||     5
       Ring mail         |    16 |    27 ||    43
Dodge: Dodged            |    33 |    47 ||    80
